 Dungeon Crawl Stone Soup version 0.30.0-29-ga12c61a403 (webtiles) character file.

Game seed: 7942156850772602588

2541 qw the Cleaver (level 9, -9/57 HPs)
             Began as a Gargoyle Fighter on June 5, 2023.
             Was a Believer of Okawaru.
             Mangled by a tengu warrior
             ... wielding a +0 bardiche
              (22 damage)
             ... on level 8 of the Dungeon.
             The game lasted 00:03:59 (8238 turns).

qw the Cleaver (Gargoyle Fighter)                   Turns: 8238, Time: 00:04:00

Health: -9/57      AC: 19    Str: 29    XL:     9   Next: 55%
Magic:  10/12      EV: 11    Int: 10    God:    Okawaru [**....]
Gold:   639        SH:  5    Dex:  9    Spells: 8/8 levels left

rFire   + . .        Y - +0 war axe (chaos)
rCold   + . .        c - +0 buckler
rNeg    + . .        n - +0 chain mail
rPois   inf          i - +2 hat {Will+}
rElec   +            (no cloak)
rCorr   .            (no gloves)
SInv    .            (no boots)
Will    +....        u - amulet of faith Stlth
                     g - ring of protection from fire
HPRegen 0.29/turn    a - ring "Xuseclod" {rC+ Str+4 Int+2}
MPRegen 0.13/turn

%: faith
@: about to teleport, heroic
A: sickness immunity, AC +6, negative energy resistance 1, electricity
resistance, torment resistance 1, petrification resistance
a: Renounce Religion, Heroism


You were on level 8 of the Dungeon.
You worshipped Okawaru.
Okawaru was pleased with you.
You visited 1 branch of the dungeon, and saw 8 of its levels.
You also visited: Sewer and Ossuary.

You collected 639 gold pieces.


Innate Abilities, Weirdness & Mutations

You are immune to sickness and miasma.
Your stone body is resilient. (AC +6)
You are immune to poison.
You resist negative energy. (rN+)
You are resistant to electric shocks. (rElec)
You are resistant to unholy torment.
You are immune to petrification.


   Skills:
 - Level 7.0(12.0) Fighting
 - Level 9.0(14.0) Axes
 - Level 2.4(7.4) Throwing
 + Level 3.2(8.2) Armour
 - Level 1.9(6.9) Dodging
 - Level 4.1(9.1) Shields
 - Level 4.0 Invocations


You had 8 spell levels left.
You didn't know any spells.
Your spell library was empty.

Inventory:

Hand Weapons
 f - a +0 morningstar
 Y - a +0 war axe of chaos (weapon)
Missiles
 s - a javelin (quivered)
 v - 6 boomerangs
Armour
 c - a +0 buckler (worn)
 i - a +2 hat of willpower (worn)
 n - a +0 chain mail (worn)
Jewellery
 a - the ring "Xuseclod" (right hand) {rC+ Str+4 Int+2}
   (You acquired it on level 2 of the Dungeon)

   [ring of protection from cold]

   Str:       It affects your strength (+4).
   Int:       It affects your intelligence (+2).
   rC:        It protects you from cold.
 g - a ring of protection from fire (left hand)
 u - an amulet of faith (around neck)
Scrolls
 q - a scroll of teleportation
 r - 2 scrolls of identify
Potions
 b - a potion of invisibility {unknown}
 d - 5 potions of might
 e - 4 potions of attraction
 h - 2 potions of haste
 k - a potion of cancellation
 l - 2 potions of lignification
 m - 5 potions of curing
 o - a potion of heal wounds
 p - 2 potions of mutation

Dungeon Overview and Level Annotations

Branches:
Dungeon (8/15)             Temple (0/1) D:6           Sewer (visited)
Ossuary (visited)
   Lair: D:8-11

Altars:
Cheibriados
Elyvilon
Fedhas
Gozag
Kikubaaqudgha
Okawaru
Qazlal
Sif Muna
Vehumet
Zin
The Shining One

Annotations:
D:5 2 runed translucent doors, qw's ghost, novice GrFi


Message History

A tengu warrior comes into view. It is wielding a +0 bardiche.
You slice the tengu warrior!! You burn the tengu warrior.
The tengu warrior is heavily wounded.
You barely miss the tengu warrior.
The tengu warrior is heavily wounded.
The tengu warrior hits you but does no damage.
The tengu warrior misses you.
The tengu warrior claws you but does no damage.
You miss the tengu warrior.
The tengu warrior is heavily wounded.
You feel like a meek peon again.
The tengu warrior hits you but does no damage.
The tengu warrior closely misses you.
The tengu warrior claws you but does no damage.
8233 ||| INVOKING Heroism.
You gain the combat prowess of a mighty hero.
The tengu warrior barely misses you. You block the tengu warrior's attack.
The tengu warrior barely misses you.
You barely miss the tengu warrior.
The tengu warrior is heavily wounded.
You block the tengu warrior's attack.
The tengu warrior pecks you but does no damage.
The tengu warrior barely misses you.
You closely miss the tengu warrior.
The tengu warrior is heavily wounded.
The tengu warrior hits you with a +0 bardiche!
The tengu warrior barely misses you.
The tengu warrior completely misses you.
You miss the tengu warrior.
The tengu warrior is heavily wounded.
You closely miss the tengu warrior.
The tengu warrior is heavily wounded.
The tengu warrior hits you with a +0 bardiche!
The tengu warrior pecks you but does no damage.
You block the tengu warrior's attack.
8238 ||| READING 2 scrolls of teleportation.
As you read the scroll of teleportation, it crumbles to dust.
You feel strangely unstable.
The tengu warrior hits you with a +0 bardiche!!
You die...

###... ...# #).)...
..#..####.###.#####
#.#..# #.......#
#.#..# #.......#
#.#..# #.).....#
#.#..# #........#
#.#..###.>.....##
#Q#..#.........#
#.#@#.[.#.......#
#.#.#.#.#########
#.#.#.#.# #o#.#.#.#
..#.#.#.# ###.#.#.#
..#.#.# ###.#.#


You could see a tengu warrior.

Vanquished Creatures
  Eustachio (D:5)
  A water moccasin (D:6)
  2 black bears
  An ice beast (D:6)
  3 orc warriors
  3 centaurs
  A phantom (D:5)
  2 kobold brigands (D:7)
  2 bullfrogs (Sewer)
  2 scorpions
  4 howler monkeys
  4 hounds
  An orc priest (D:7)
  3 jellies
  A sleepcap (D:7)
  3 iguanas
  5 orc wizards
  8 mummies (Ossuary)
  4 gnolls (D:7)
  7 adders
  A river rat (D:3)
  2 white imps (D:7)
  2 ufetubi
  3 dart slugs
  22 orcs
  17 endoplasms
  13 giant cockroaches
  13 goblins
  6 hobgoblins
  2 jackals (D:2)
  14 quokkas
  14 ball pythons
  4 bats
  11 frilled lizards
  A gnoll zombie (Ossuary)
  2 goblin zombies (D:4)
  2 hobgoblin zombies (Ossuary)
  10 kobolds
  3 kobold zombies (Ossuary)
  2 orc zombies (Ossuary)
  9 rats
211 creatures vanquished.

Notes
Turn   | Place    | Note
-------+----------+-------------------------------------------
     0 | D:1      | qw the Gargoyle Fighter began the quest for the Orb.
     0 | D:1      | Reached XP level 1. HP: 14/14 MP: 1/1
     0 | D:1      | 0 ||| qw: Version: 0.2-a-108-gee2c290
     0 | D:1      | 0 ||| qw: Game counter: 1452
     0 | D:1      | 0 ||| qw: Always use a shield: true
     0 | D:1      | 0 ||| qw: God list: Okawaru
     0 | D:1      | 0 ||| qw: Allow faded altars: false
     0 | D:1      | 0 ||| qw: Do Orc after D:15 true
     0 | D:1      | 0 ||| qw: Do second Lair branch before Depths: true
     0 | D:1      | 0 ||| qw: Lair rune preference: random
     0 | D:1      | 0 ||| qw: Plans: Normal, Zot:1-4, Slime:5, God:TSO, Crypt,
                  | Tomb, Abyss, Pan, Hells, Win
     0 | D:1      | 0 ||| PLANNING D:1-11
    13 | D:1      | 13 ||| Stepping ~*~*~tactically~*~*~ (hiding).
    15 | D:1      | 15 ||| Stepping ~*~*~tactically~*~*~ (hiding).
    25 | D:1      | Reached skill level 2 in Axes
   104 | D:1      | Reached XP level 2. HP: 19/19 MP: 2/2
   343 | D:1      | 343 ||| Stepping ~*~*~tactically~*~*~ (hiding).
   352 | D:1      | Reached skill level 3 in Axes
   499 | D:1      | Reached XP level 3. HP: 23/23 MP: 3/3
   968 | D:1      | 968 ||| UPGRADING to +2 hat of willpower.
   973 | D:1      | 973 ||| UPGRADING to ring of protection from fire.
   974 | D:1      | 974 ||| READING scroll labelled HOL QASTROEGYRGH.
   975 | D:1      | 975 ||| READING scroll labelled MICVUYDDEV.
   976 | D:1      | 976 ||| READING scroll labelled ELY QIASYAN.
  1190 | D:2      | 1190 ||| Stepping ~*~*~tactically~*~*~ (hiding).
  1217 | D:2      | 1217 ||| DROPPING +0 club.
  1247 | D:2      | 1247 ||| Stepping ~*~*~tactically~*~*~ (stealth).
  1257 | D:2      | Reached XP level 4. HP: 28/28 MP: 4/4
  1315 | D:2      | 1315 ||| Stepping ~*~*~tactically~*~*~ (stealth).
  1325 | D:2      | Reached skill level 4 in Axes
  1343 | D:2      | 1343 ||| Stepping ~*~*~tactically~*~*~ (hiding).
  1481 | D:2      | 1481 ||| READING scroll labelled ELIOCL HORUPT.
  1482 | D:2      | 1482 ||| READING scroll labelled QOGI JI FEEHO.
  1485 | D:2      | 1485 ||| READING scroll labelled ANA JOENLETAIRR.
  1485 | D:2      | Identified a scroll of acquirement
  1485 | D:2      | 1485 ||| ACQUIRING ring "Xuseclod" {rC+ Str+4 Int+2}
  1485 | D:2      | Acquired the ring "Xuseclod" {rC+ Str+4 Int+2}
  1487 | D:2      | 1487 ||| UPGRADING to ring "Xuseclod" {rC+ Str+4 Int+2}.
  1488 | D:2      | 1488 ||| READING scroll labelled JIYDECR JUOJU.
  1489 | D:2      | 1489 ||| READING 4 scrolls of identify.
  1489 | D:2      | 1489 ||| IDENTIFYING silvery potion
  1490 | D:2      | 1490 ||| READING 3 scrolls of identify.
  1490 | D:2      | 1490 ||| IDENTIFYING brown potion
  1491 | D:2      | 1491 ||| READING 2 scrolls of identify.
  1491 | D:2      | 1491 ||| IDENTIFYING dark potion
  1492 | D:2      | 1492 ||| DROPPING potion of brilliance.
  1519 | D:3      | 1519 ||| PLANNING SEWER
  1657 | D:3      | Found an iron altar of Okawaru.
  1659 | D:3      | Found an ancient bone altar of Kikubaaqudgha.
  1660 | D:3      | Found a radiant altar of Vehumet.
  1660 | D:3      | Found a snail-covered altar of Cheibriados.
  1660 | D:3      | Found a shimmering blue altar of Sif Muna.
  2072 | D:3      | Found a glowing drain.
  2073 | D:3      | 2073 ||| READING scroll labelled NUNKEARITU.
  2074 | D:3      | 2074 ||| READING 2 scrolls of identify.
  2074 | D:3      | 2074 ||| IDENTIFYING fuming pink potion
  2075 | D:3      | 2075 ||| DROPPING potion of berserk rage.
  2110 | Sewer    | Entered a sewer
  2131 | Sewer    | Reached XP level 5. HP: 27/32 MP: 5/5
  2172 | Sewer    | 2172 ||| Stepping ~*~*~tactically~*~*~ (water).
  2195 | Sewer    | 2195 ||| Stepping ~*~*~tactically~*~*~ (water).
  2215 | Sewer    | 2215 ||| Stepping ~*~*~tactically~*~*~ (stealth).
  2332 | Sewer    | Reached skill level 5 in Axes
  2372 | Sewer    | 2372 ||| Stepping ~*~*~tactically~*~*~ (water).
  2378 | Sewer    | 2378 ||| Stepping ~*~*~tactically~*~*~ (stealth).
  2389 | Sewer    | Reached skill level 1 in Dodging
  2389 | Sewer    | Reached XP level 6. HP: 25/37 MP: 6/6
  2461 | Sewer    | 2461 ||| SWAPPING to +0 war axe of flaming.
  2462 | Sewer    | 2462 ||| DROPPING +0 whip.
  2463 | Sewer    | 2463 ||| DROPPING +0 war axe.
  2468 | Sewer    | 2468 ||| READING scroll labelled MAUGUA KODUEGH.
  2469 | Sewer    | 2469 ||| DRINKING 2 orange potions.
  2470 | Sewer    | 2470 ||| READING 2 scrolls of identify.
  2470 | Sewer    | 2470 ||| IDENTIFYING fizzy golden potion
  2485 | D:3      | 2485 ||| PLANNING OKAWARU WORSHIP
  2547 | D:3      | Became a worshipper of Warmaster Okawaru
  2547 | D:3      | 2547 ||| PLANNING D:1-11
  2622 | D:3      | 2622 ||| Stepping ~*~*~tactically~*~*~ (stealth).
  2624 | D:3      | 2624 ||| Stepping ~*~*~tactically~*~*~ (stealth).
  2625 | D:3      | 2625 ||| Stepping ~*~*~tactically~*~*~ (stealth).
  2648 | D:3      | 2648 ||| DROPPING +0 club.
  2901 | D:3      | 2901 ||| READING 3 scrolls of identify.
  2901 | D:3      | 2901 ||| IDENTIFYING green potion
  2902 | D:3      | 2902 ||| READING 2 scrolls of identify.
  2902 | D:3      | 2902 ||| IDENTIFYING metallic ruby potion
  2917 | D:4      | 2917 ||| PLANNING OSSUARY
  2932 | D:4      | Found a glowing golden altar of the Shining One.
  2970 | D:4      | 2970 ||| DROPPING +0 mace.
  2990 | D:4      | 2990 ||| Stepping ~*~*~tactically~*~*~ (hiding).
  2991 | D:4      | 2991 ||| Stepping ~*~*~tactically~*~*~ (hiding).
  2992 | D:4      | 2992 ||| Stepping ~*~*~tactically~*~*~ (hiding).
  3015 | D:4      | 3015 ||| DROPPING +0 flail.
  3193 | D:4      | Noticed a black bear
  3205 | D:4      | Killed a black bear
  3206 | D:4      | Reached skill level 6 in Axes
  3206 | D:4      | Reached XP level 7. HP: 29/43 MP: 7/7
  3381 | D:4      | Found a sand-covered staircase.
  3382 | D:4      | 3382 ||| DROPPING +6 ring of intelligence.
  3392 | Ossuary  | Entered an ossuary
  3508 | Ossuary  | Reached * piety under Okawaru
  3617 | Ossuary  | 3617 ||| READING scroll labelled QIDONI ZAIPH.
  3618 | Ossuary  | 3618 ||| READING 4 scrolls of identify.
  3618 | Ossuary  | 3618 ||| IDENTIFYING cyan potion
  3619 | Ossuary  | 3619 ||| READING 3 scrolls of identify.
  3619 | Ossuary  | 3619 ||| IDENTIFYING metallic grey potion
  3620 | Ossuary  | 3620 ||| DROPPING potion of flight.
  3642 | D:4      | 3642 ||| PLANNING D:1-11
  3656 | D:4      | 3656 ||| Stepping ~*~*~tactically~*~*~ (hiding).
  3809 | D:4      | Found a blossoming altar of Fedhas.
  3813 | D:4      | Found a white marble altar of Elyvilon.
  3813 | D:4      | Found a glowing silver altar of Zin.
  3865 | D:4      | Found a stormy altar of Qazlal.
  3868 | D:4      | Found an opulent altar of Gozag.
  4064 | D:5      | Entered Level 5 of the Dungeon
  4134 | D:5      | 4134 ||| INVOKING Heroism.
  4188 | D:5      | Reached skill level 7 in Axes
  4189 | D:5      | HP: 10/43 [something (2)]
  4190 | D:5      | 4190 ||| READING scroll of teleportation.
  4191 | D:5      | 4191 ||| DRINKING 3 potions of heal wounds.
  4291 | D:5      | Noticed Eustachio
  4327 | D:5      | HP: 10/44 [Eustachio/+0 rapier (9)]
  4328 | D:5      | 4328 ||| READING scroll of teleportation.
  4329 | D:5      | 4329 ||| DRINKING 2 potions of heal wounds.
  4331 | D:5      | 4331 ||| FLEEEEING.
  4332 | D:5      | 4332 ||| FLEEEEING.
  4363 | D:5      | Killed Eustachio
  4364 | D:5      | Reached XP level 8. HP: 43/51 MP: 8/8
  4473 | D:5      | Reached skill level 1 in Throwing
  4473 | D:5      | Reached skill level 1 in Invocations
  4619 | D:5      | 4619 ||| INVOKING Heroism.
  4690 | D:5      | Found a large runed translucent door.
  4690 | D:5      | Found a large runed translucent door.
  4692 | D:5      | Noticed qw's ghost (novice GrFi)
  5357 | D:5      | 5357 ||| READING 3 scrolls labelled WEAREA MEKAENE.
  5390 | D:5      | 5390 ||| DROPPING 2 scrolls of torment.
  5497 | D:6      | 5497 ||| DROPPING +1 flail of protection.
  5775 | D:6      | Reached skill level 3 in Invocations
  5874 | D:6      | 5874 ||| Stepping ~*~*~tactically~*~*~ (hiding).
  5880 | D:6      | Reached ** piety under Okawaru
  5942 | D:6      | 5942 ||| INVOKING Heroism.
  6035 | D:6      | Found a staircase to the Ecumenical Temple.
  6044 | D:6      | 6044 ||| Stepping ~*~*~tactically~*~*~ (stealth).
  6045 | D:6      | 6045 ||| Stepping ~*~*~tactically~*~*~ (stealth).
  6063 | D:6      | 6063 ||| Stepping ~*~*~tactically~*~*~ (hiding).
  6340 | D:6      | 6340 ||| UPGRADING to amulet of faith.
  6345 | D:6      | 6345 ||| READING 2 scrolls labelled QAERUI XYURYTY.
  6346 | D:6      | 6346 ||| READING 2 scrolls of identify.
  6346 | D:6      | 6346 ||| IDENTIFYING fizzy black potion
  6347 | D:6      | 6347 ||| DROPPING scroll of magic mapping.
  6348 | D:6      | 6348 ||| DROPPING potion of degeneration.
  6401 | D:7      | 6401 ||| STAIRDANCE
  6407 | D:6      | Reached XP level 9. HP: 47/55 MP: 12/12
  6487 | D:7      | Reached skill level 8 in Axes
  6516 | D:7      | 6516 ||| INVOKING Heroism.
  6522 | D:7      | Reached skill level 6 in Fighting
  6528 | D:7      | 6528 ||| Stepping ~*~*~tactically~*~*~ (hiding).
  6529 | D:7      | 6529 ||| Stepping ~*~*~tactically~*~*~ (hiding).
  6530 | D:7      | 6530 ||| Stepping ~*~*~tactically~*~*~ (hiding).
  6597 | D:7      | Found a flagged portal.
  6839 | D:7      | 6839 ||| Stepping ~*~*~tactically~*~*~ (hiding).
  6840 | D:7      | 6840 ||| Stepping ~*~*~tactically~*~*~ (hiding).
  6841 | D:7      | 6841 ||| Stepping ~*~*~tactically~*~*~ (hiding).
  6845 | D:7      | 6845 ||| INVOKING Heroism.
  7009 | D:7      | 7009 ||| Stepping ~*~*~tactically~*~*~ (hiding).
  7219 | D:7      | 7219 ||| Stepping ~*~*~tactically~*~*~ (hiding).
  7321 | D:7      | Reached skill level 9 in Axes
  7522 | D:7      | 7522 ||| Stepping ~*~*~tactically~*~*~ (stealth).
  7524 | D:7      | 7524 ||| Stepping ~*~*~tactically~*~*~ (stealth).
  7526 | D:7      | 7526 ||| Stepping ~*~*~tactically~*~*~ (stealth).
  7528 | D:7      | 7528 ||| INVOKING Heroism.
  7570 | D:7      | 7570 ||| INVOKING Heroism.
  7700 | D:7      | 7700 ||| Stepping ~*~*~tactically~*~*~ (hiding).
  7701 | D:7      | 7701 ||| Stepping ~*~*~tactically~*~*~ (hiding).
  8007 | D:7      | 8007 ||| DROPPING +2 robe of cold resistance.
  8008 | D:7      | 8008 ||| UPGRADING to +0 chain mail.
  8018 | D:7      | 8018 ||| DROPPING +0 scale mail.
  8019 | D:7      | 8019 ||| READING scroll labelled ZEFUBO ZEKH.
  8020 | D:7      | 8020 ||| READING scroll labelled WIAKHL IPPYOG.
  8190 | D:8      | Identified the +8 dagger "Gargoyle's Foe" {heavy, rC+ rN+}
  8210 | D:8      | 8210 ||| Stepping ~*~*~tactically~*~*~ (hiding).
  8214 | D:8      | 8214 ||| INVOKING Heroism.
  8229 | D:8      | Noticed a tengu warrior
  8233 | D:8      | 8233 ||| INVOKING Heroism.
  8237 | D:8      | HP: 13/57 [tengu warrior/+0 bardiche (7)]
  8238 | D:8      | 8238 ||| READING 2 scrolls of teleportation.
  8238 | D:8      | Mangled by a tengu warrior

Levels and vault maps discovered:
D:1:      grunt_arrival_crossed_arrows, layout_basic, hangedman_decor_slide_cut,
          minivault_11, minmay_tetromino_i2
D:2:      layout_rooms
D:3:      layout_loops_corners, grunt_temple_overflow_open, portal_sewer_entry_c
D:4:      layout_cave_pools, tso_metal_star, minmay_overflow_temple_star_hex,
          enter_ossuary_4, grunt_ministairs_13, nicolae_figureground_sparkle
D:5:      layout_layer_cave, ebering_ghost_disaster_area, chequers_mini_garden,
          hex_large, uniq_eustachio
D:6:      layout_loops_corners, minmay_temple_entry_trees, kennysheep_path_1,
          chequers_serial_rivers_micro_d
D:7:      layout_layer_cave, enter_bailey_3, kennysheep_cross_room,
          grunt_ministairs_4
D:8:      minmay_distorted_concentric_squares, layout_loops_ring, serial_shops,
          nicolae_shop_getting_attention

Skill      XL: |  1  2  3  4  5  6  7  8  9 |
---------------+----------------------------+-----
Axes           | 2 3 4 5 6 7 9 |  9.0
Dodging        | 1 |  1.9
Fighting       | 4 5 7 |  7.0
Throwing       | 2 |  2.4
Invocations    | 4 |  4.0
Shields        | 4 |  4.1
Armour         | |  3.2

Action                     |  1- 3 |  4- 6 |  7- 9 || total
---------------------------+-------+-------+-------++-------
  Melee: War axe           |   125 |   194 |   235 ||   554
  Throw: Boomerang         |       |    34 |    20 ||    54
         Javelin           |       |       |    14 ||    14
 Invoke: Heroism           |       |       |     9 ||     9
    Use: Scroll            |     3 |    13 |    11 ||    27
         Potion            |       |     1 |     2 ||     3
   Stab: Paralysed         |       |       |     7 ||     7
         Petrified         |       |       |     1 ||     1
         Confused          |       |       |     1 ||     1
 Armour: Scale mail        |    62 |    98 |   124 ||   284
         Chain mail        |       |       |     7 ||     7
  Dodge: Dodged            |    50 |   101 |   122 ||   273
  Block: Buckler           |    21 |    35 |    51 ||   107

Table legend:
 A = Non-vault XP
 B = Vault XP
 C = Vault XP percentage of total XP
 D = Non-vault monster count
 E = Vault monster count
 F = Vault count percentage of total count
                 A         B        C        D         E       F
            +---------+---------+-------+---------+---------+-------
      Total |    2593 |    1037 |  28.6 |     137 |      74 |  35.1
            +---------+---------+-------+---------+---------+-------
        D:1 |      42 |       2 |   4.5 |      25 |       1 |   3.8
        D:2 |      59 |       0 |   0.0 |      19 |       0 |   0.0
        D:3 |      97 |      21 |  17.8 |      21 |       7 |  25.0
        D:4 |     273 |       7 |   2.5 |      14 |       4 |  22.2
        D:5 |     565 |     208 |  26.9 |      20 |       1 |   4.8
        D:6 |     443 |     230 |  34.2 |       6 |       2 |  25.0
        D:7 |    1114 |       7 |   0.6 |      32 |       4 |  11.1
        D:8 |       0 |     137 | 100.0 |       0 |       1 | 100.0
      Sewer |       0 |     275 | 100.0 |       0 |      38 | 100.0
    Ossuary |       0 |     150 | 100.0 |       0 |      16 | 100.0
            +---------+---------+-------+---------+---------+-------
